 Dungeon Crawl Stone Soup version 0.18-a0-1293-g5a2c81a (webtiles) character file.

45 Ratboiler the Shooter (level 3, 22/23 HPs)
             Began as an Octopode Wanderer on Feb 10, 2016.
             Quit the game on level 2 of the Dungeon.
             The game lasted 00:02:59 (1461 turns).

Ratboiler the Shooter (Octopode Wanderer)           Turns: 1461, Time: 00:03:00

Health: 22/23      AC:  1    Str:  9    XL:     3   Next: 64%
Magic:  3/3        EV: 11    Int: 16    God:
Gold:   89         SH:  0    Dex: 12    Spells: 1 memorised, 0 levels left

rFire  . . .     SeeInvis .     s - -3 whip (curse)
rCold  . . .     Gourm    .     (no shield)
rNeg   . . .     Faith    .     (helmet restricted)
rPois  .         Spirit   .     (no amulet)
rElec  .         Dismiss  .     (no ring)
rCorr  .         Reflect  .     (no ring)
SustAt .         Harm     .     (no ring)
MR     .....                    (no ring)
Stlth  ++........               (no ring)
                                (no ring)
                                (no ring)
                                (no ring)

@: not resistant to hostile enchantments, unstealthy
A: almost no armour, amphibious, 8 rings, constrict 8, camouflage 1, gelatinous
body 1
a: no special abilities


You were on level 2 of the Dungeon.
You were not hungry.

You visited 1 branch of the dungeon, and saw 2 of its levels.

You collected 89 gold pieces.

Inventory:

Hand Weapons
 a - a +0 hand axe of chopping
 b - a +0 shortbow
 n - a +0 battleaxe
 s - a cursed -3 whip (weapon)
Missiles
 d - 62 arrows
 e - 19 bolts of frost
 g - 5 tomahawks (quivered)
Armour
 l - a +0 large shield
Scrolls
 k - 3 scrolls of remove curse {unknown}
 p - a scroll of amnesia {unknown}
Potions
 m - a potion of brilliance {unknown}
 o - 2 potions of magic {unknown}
 q - a potion of degeneration {unknown}
 r - 2 potions of mutation {unknown}
Books
 c - Sif Muna's Compendium of Self-Knowledge and Air

   Spells                             Type                      Level
   a - Repel Missiles                 Charms/Air                   2
   b - Swiftness                      Charms/Air                   2
 h - a book of Conjurations

   Spells                             Type                      Level
   a - Magic Dart                     Conjuration                  1
   b - Searing Ray                    Conjuration                  2
   c - Dazzling Spray                 Conjuration/Hexes            3
   d - Fulminant Prism                Conjuration/Hexes            4
   e - Iskenderun's Mystic Blast      Conjuration                  4
   f - Iskenderun's Battlesphere      Conjuration/Charms           5
Comestibles
 f - a bread ration
 i - 5 meat rations
 j - 4 fruits


   Skills:
 - Level 1.0 Fighting
 + Level 5.2 Bows
 - Level 2.0 Throwing
   Level 1.0 Conjurations
   Level 2.0 Fire Magic


You couldn't memorise any spells.
You knew the following spells:

 Your Spells              Type           Power        Failure   Level  Hunger
a - Swiftness             Chrm/Air       #.......     38%         2    ###....


Dungeon Overview and Level Annotations

Branches:
Dungeon (2/15)

Altars:


Innate Abilities, Weirdness & Mutations

You cannot wear most types of armour.
You are amphibious.
You can wear up to eight rings at the same time.
You can use your tentacles to constrict eight enemies at once.
Your skin changes colour to match your surroundings (Stealth).
Your rubbery body absorbs attacks (AC +1).


Message History

HP restored.
r - 2 fizzy orange potions
k - 3 scrolls labeled RIFESAUDDU (gained 1)
Found a glowing whip.
A ball python comes into view.
You see here 4 gold pieces.
You now have 89 gold pieces (gained 4).
You see here a glowing whip.
s - a glowing whip The ball python bites you but does no damage.
The ball python closely misses you. It sticks to your tentacle!
s - a cursed -3 whip (weapon)
The ball python barely misses you. The ball python grabs you.
The ball python constricts you.
You hit the ball python. You grab the ball python.
The ball python is severely wounded.
You constrict the ball python.
You kill the ball python!
Are you sure you want to abandon this character and quit the game? (Confirm with "yes".)

###...#.# #.#
##..#.######.#####
#...............#
#..##.#####.###.#
#..##.# #.#...#
....##.#####....#####.
####.##.#..............
#.##.#.#####.######.
#..... ####@### ####.#
#......# #.##.###
#.##.# ..##.# #.##..
#.#### #.#.. #.# #.#..
#.# #.#..


There were no monsters in sight!

Vanquished Creatures
  2 oozes
  A worm (D:2)
  A giant gecko (D:1)
  A ball python (D:2)
  3 bats (D:1)
  5 giant cockroaches
  6 goblins
  3 hobgoblins
  3 kobolds (D:2)
  3 rats (D:1)
28 creatures vanquished.

Notes
Turn   | Place    | Note
--------------------------------------------------------------
     0 | D:1      | Ratboiler the Octopode Wanderer began the quest for the Orb.
     0 | D:1      | Ratboiler set off with: a book of Conjurations, Sif Muna's Compendium of Self-Knowledge and Air, a +0 shortbow, 17 arrows, a bread ration
     0 | D:1      | Reached XP level 1. HP: 13/13 MP: 1/1
   261 | D:1      | Reached XP level 2. HP: 18/18 MP: 2/2
   769 | D:1      | Reached XP level 3. HP: 23/23 MP: 3/3
   787 | D:1      | Identified Sif Muna's Compendium of Self-Knowledge and Air
   790 | D:1      | Learned a level 2 spell: Swiftness
   887 | D:2      | Reached skill level 5 in Bows
  1461 | D:2      | Quit the game

Vault maps used:
D:1:      onia_arrival_mini_maze
D:2:      lemuel_zombie_altar_yredelemnul, ecumenical_altar_2

Action                   || total
-------------------------++-------
Melee: Hand axe          ||    54
       Whip              ||     1
 Fire: Shortbow          ||    14
 Stab: Sleeping          ||     3
  Eat: Beef jerky        ||     1
